 Dungeon Crawl Stone Soup version 0.30-a0-167-g62a5988fa7 (webtiles) character file.

Game seed: 6108458597959196801

201407 qw the Severer (level 18, -20/120 HPs)
             Began as a Gargoyle Fighter on Sept 29, 2022.
             Was a High Priest of Okawaru.
             Demolished by a naga warrior
             ... wielding a +0 glaive
              (25 damage)
             ... on level 4 of the Snake Pit.
             The game lasted 00:16:05 (32541 turns).

qw the Severer (Gargoyle Fighter)                  Turns: 32541, Time: 00:16:06

Health: -20/120    AC: 45    Str: 32    XL:     18   Next: 99%
Magic:  25/25      EV: 11    Int:  8    God:    Okawaru [*****.]
Gold:   602        SH: 15    Dex: 14    Spells: 17/17 levels left

rFire   + . .      SeeInvis .    E - +3 broad axe (vamp)
rCold   + . .      Faith    .    s - +0 kite shield
rNeg    + . .      Spirit   .    K - +3 chain mail {rC+}
rPois   inf        Reflect  .    b - +1 helmet "Etecla Edwa" {rF+ Int-5 Dex+3}
rElec   +          Harm     .    J - scarf {repulsion}
rCorr   .          Rampage  .    w - +2 pair of gloves
Will    +....                    g - +2 pair of boots "Yvigog" {Regen+ Str-2 Stlth+}
Stlth   +.........               (no amulet)
HPRegen 1.10/turn                r - ring "Eruixzim" {Str+6 Int+4 Dex+2}
MPRegen 0.19/turn                o - +4 ring of protection

@: heroic, weakened, flying, slowed, constricted, repel missiles, very slow
A: sickness immunity, AC +13, big wings, negative energy resistance 1,
electricity resistance, torment resistance 1, petrification resistance, mutation
resistance 1
a: Renounce Religion, Heroism, Finesse, Duel


You were on level 4 of the Snake Pit.
You worshipped Okawaru.
Okawaru was extremely pleased with you.
You visited 6 branches of the dungeon, and saw 30 of its levels.
You also visited: Gauntlet.

You collected 3063 gold pieces.
You spent 2461 gold pieces at shops.


Innate Abilities, Weirdness & Mutations

You are immune to sickness and miasma.
Your stone body is resilient. (AC +13)
You are immune to poison.
Your large and strong wings let you fly.
You resist negative energy. (rN+)
You are resistant to electric shocks. (rElec)
You are resistant to unholy torment.
You are immune to petrification.
You are somewhat resistant to further mutation.


   Skills:
 - Level 16.0(21.0) Fighting
 - Level 18.0(23.0) Axes
 - Level 8.0(13.0) Throwing
 - Level 13.0(18.0) Armour
 + Level 6.6(11.6) Dodging
 - Level 15.0(20.0) Shields
 - Level 10.0 Invocations


You had 17 spell levels left.
You didn't know any spells.
Your spell library was empty.

Inventory:

Hand Weapons
 E - a +3 vampiric broad axe (weapon)
Missiles
 k - 19 boomerangs
 F - 6 javelins (quivered)
Armour
 b - the +1 helmet "Etecla Edwa" (worn) {rF+ Int-5 Dex+3}
   (Okawaru gifted it to you on level 15 of the Dungeon)

   Int:       It affects your intelligence (-5).
   Dex:       It affects your dexterity (+3).
   rF:        It protects you from fire.
 c - a +0 chain mail of positive energy
 g - the +2 pair of boots "Yvigog" (worn) {Regen+ Str-2 Stlth+}
   (You found it in a Gauntlet)

   Str:       It affects your strength (-2).
   Regen:     It increases your rate of health regeneration.
   Stlth:     It makes you more stealthy.
 m - +0 ice dragon scales
 p - a +0 plate armour
 q - a +1 cloak
 s - a +0 kite shield (worn)
 t - +0 acid dragon scales
 w - a +2 pair of gloves (worn)
 y - a +2 helmet
 z - the +1 pair of boots "Meaniet" {rCorr Int+5}
   (Okawaru gifted it to you on level 5 of the Lair of Beasts)

   Int:       It affects your intelligence (+5).
   rCorr:     It protects you from acid and corrosion.
 A - the +0 pair of boots of Araacics {rF- Will+ Str+5 Int+10}
   (You acquired it on level 11 of the Dungeon)

   Str:       It affects your strength (+5).
   Int:       It affects your intelligence (+10).
   rF:        It makes you vulnerable to fire.
   Will:      It increases your willpower.
 J - a scarf of repulsion (worn)
 K - a +3 chain mail of cold resistance (worn)
Jewellery
 j - a ring of protection from cold
 o - a +4 ring of protection (right hand)
 r - the ring "Eruixzim" (left hand) {Str+6 Int+4 Dex+2}
   (You took it off a minotaur in a Gauntlet)

   [ring of strength]

   Str:       It affects your strength (+6).
   Int:       It affects your intelligence (+4).
   Dex:       It affects your dexterity (+2).
 v - a ring of protection from fire
 x - a ring of protection from cold
 D - a ring of protection from fire
Wands
 l - a wand of digging (6)
Scrolls
 a - 11 scrolls of teleportation
 f - 18 scrolls of identify
 G - a scroll of enchant armour
Potions
 d - 6 potions of might
 e - 10 potions of curing
 h - 8 potions of haste
 i - 5 potions of lignification
 n - 7 potions of attraction
 u - 3 potions of resistance
 B - 4 potions of mutation
 C - 3 potions of cancellation

Dungeon Overview and Level Annotations

Branches:
Dungeon (15/15)            Temple (1/1) D:7            Lair (5/5) D:9
 Shoals (3/4) Lair:2        Snake (4/4) Lair:2        Slime (0/5) Lair:5
    Orc (2/2) D:12            Elf (0/3) Orc:2        Vaults (0/5) D:13
 Depths (0/4) D:15        Gauntlet (visited)

Altars:
Ashenzari
Cheibriados
Dithmenos
Elyvilon
Fedhas
Gozag
Hepliaklqana
Kikubaaqudgha
Makhleb
Nemelex Xobeh
Okawaru
Qazlal
Ru
Sif Muna
Trog
Uskayaw
Vehumet
Wu Jian
Xom
Yredelemnul
Zin
The Shining One
Jiyva

Shops:
D:5 !   D:9 [   D:12 [(   D:15 (   Orc:2 =?[*   Shoals:1 :   Snake:1 !
Snake:3 *   Snake:4 ![

Portals:
Pandemonium: Orc:2

Annotations:
D:6 2 runed translucent doors, qw's ghost, novice GrFi
D:15 3 runed translucent doors, Vochiuc's ghost, adept DEFE
Lair:2 2 transporters, qw's ghost, journeyman GrFi
Lair:5 2 runed translucent doors
Snake:3 3 runed translucent doors, qw's ghost, adept GrFi


Message History

You block the splash of poison. The naga warrior constricts you.
The naga mage barely misses you.
The naga warrior hits you with a +0 glaive.
You block the naga mage's attack.
The salamander hits you from afar with a +0 trident!!
You are engulfed in flames.
You resist.
32541 ||| DRINKING potion of heal wounds.
You feel much better.
You are no longer firmly anchored in space.
The naga sharpshooter no longer looks unusually strong.
The naga warrior no longer looks unusually strong.
The naga mage casts a spell at you.
The bolt of poison hits you but does no damage.
You resist.
The bolt of poison hits the naga warrior.
The naga mage hits you but does no damage.
The naga spits poison at you. You block the splash of poison.
You block the naga warrior's attack. The naga warrior constricts you.
The naga warrior roars a battlecry!
The nagas go into a battle-frenzy!
The naga hits you from afar with a +0 trident!!
The naga sharpshooter mumbles some strange words.
The naga sharpshooter magically shoots an arrow.
You block the arrow. The naga ritualist closely misses you.
The naga warrior spits poison at you. The splash of poison misses you.
The splash of poison hits the naga sharpshooter.
The salamander hits you from afar with a +0 trident!
You are engulfed in flames!
You resist. The naga mage spits poison at you.
The splash of poison hits you but does no damage.
You resist.
The naga mage casts a spell at the naga warrior.
The naga warrior seems to grow toxic.
The naga mage points at the naga warrior and mumbles some strange words.
The naga warrior seems to grow toxic.
The naga hits you with a +2 scimitar of protection.
The naga warrior hits you from afar with a +0 glaive!!
You die...

... .....#...
...N ...#.....
.... .........
#..##.N..}...
.N#..#N.....
#NN.NNN....
#.NNN#N....
#.N@NNN....
#.)NNN.....
#.)........
#########.).##...
#........)..# .#
#...........# .
##..........#
##.#####.####
##..# ###


You could see 4 naga warriors, 2 naga sharpshooters, a salamander (strong), a
naga ritualist (strong, curare), 5 naga magi and 6 nagas.

Vanquished Creatures
  Vashnia (Snake:2)
  A kraken (Shoals:3)
  Kirke (Lair:3)
  5 nagarajas
  Donald (Snake:1)
  Roxanne (D:14)
  Aizul (Shoals:1)
  A very ugly thing (D:14)
  An ironbound preserver (D:13)
  A minotaur (Gauntlet)
  A merfolk javelineer (Shoals:3)
  Josephine (Shoals:1)
  Snorg (Lair:5)
  A fire dragon (D:15)
  2 merfolk impalers (Shoals:1)
  An entropy weaver (shapeshifter) (D:13)
  An ice dragon (D:15)
  Fannar (D:10)
  3 hydras
  3 demonspawn (Orc:2)
  3 salamander tyrants
  6 anacondas
  3 merfolk avatars
  3 alligator snapping turtles
  4 merfolk aquamancers
  A catoblepas (Lair:5)
  5 centaur warriors
  2 two-headed ogres
  4 boulder beetles
  6 death yaks
  6 tengu warriors
  8 naga sharpshooters
  A satyr (Shoals:3)
  6 naga warriors
  2 shock serpents (Snake:2)
  6 orc high priests (Orc:2)
  Nergalle (D:11)
  2 salamander mystics (Snake:4)
  A sixfirhy (Gauntlet)
  12 sea snakes
  15 skeletal warriors
  3 naga ritualists
  2 lindwurms (Lair:5)
  A necromancer (Gauntlet)
  4 orc knights (Orc:2)
  A deep elf zephyrmancer (Orc:2)
  3 harpies (Shoals:1)
  A deep elf pyromancer (Orc:2)
  Pikel (D:5)
  3 mana vipers
  7 orc sorcerers
  23 ugly things
  4 cyclopes
  11 manticores
  5 salamanders
  9 fauns
  2 guardian serpents
  6 elephants (Lair:2)
  2 water nymphs (Shoals:3)
  6 merfolk sirens
  A torpor snail (Lair:5)
  9 naga magi
  22 black mambas
  A rust devil (Orc:2)
  3 molten gargoyles (Lair:5)
  A gargoyle (D:6)
  An orange demon (Orc:2)
  Maggie (D:10)
  6 rime drakes
  7 cane toads
  A yaktaur (D:15)
  An ice devil (Orc:2)
  A kobold demonologist (D:13)
  A freezing wraith (D:15)
  A tengu conjurer (D:14)
  14 komodo dragons
  2 red devils (Orc:2)
  5 wind drakes
  A queen bee (D:9)
  12 trolls
  12 merfolk
  11 slime creatures
  11 snapping turtles
  8 dream sheep
  17 blink frogs (Lair:3)
  Sigmund (D:5)
  24 water elementals
  5 wraiths
  12 wyverns
  16 yaks
  A spriggan (shapeshifter) (D:15)
  4 basilisks
  A human (Lair:3)
  5 vampire mosquitoes (D:12)
  2 hogs (Lair:3)
  2 steam dragons
  2 wargs
  4 acid dragons
  26 nagas
  20 water moccasins
  Duvessa (D:5)
  4 hell hounds (Lair:5)
  2 ice beasts
  4 black bears
  9 ogres
  28 orc warriors
  A swamp drake (Orc:2)
  3 wolves (Lair:5)
  8 centaurs
  2 lemures (D:5)
  4 kobold brigands
  13 bullfrogs
  6 scorpions
  3 gnoll sergeants
  12 wights
  Dowan (D:5)
  15 killer bees
  2 electric eels (D:15)
  5 howler monkeys
  A crimson imp (Orc:2)
  4 hounds
  A jelly (Gauntlet)
  5 lava snakes (Lair:5)
  3 gnoll boudas
  25 orc priests
  9 iguanas
  An iron imp (Orc:2)
  28 orc wizards
  Natasha (twice) (D:2)
  5 hell rats (Lair:3)
  A mummy (D:8)
  29 gnolls
  6 adders
  A river rat (D:3)
  3 shadow imps
  A white imp (Orc:2)
  4 ufetubi (Gauntlet)
  A worm (D:2)
  2 dart slugs
  88 orcs
  9 ball pythons
  6 bats
  11 endoplasms
  7 giant cockroaches
  8 goblins
  6 hobgoblins
  5 quokkas
  4 frilled lizards
  2 hobgoblin zombies (D:8)
  22 kobolds
  2 kobold zombies (D:8)
  4 rats
924 creatures vanquished.

Vanquished Creatures (others)
  A merfolk aquamancer (Shoals:3)
  A sea snake (Shoals:3)
  2 naga magi (Snake:4)
  2 black mambas (Snake:3)
  A water elemental (Shoals:3)
  An orc (Orc:2)
  51 fungi
  123 plants
  5 tentacles (Shoals:3)
  2 withered plants (Gauntlet)
189 creatures vanquished.

Grand Total: 1113 creatures vanquished

Notes
Turn   | Place    | Note
-------+----------+-------------------------------------------
     0 | D:1      | qw the Gargoyle Fighter began the quest for the Orb.
     0 | D:1      | Reached XP level 1. HP: 14/14 MP: 1/1
     0 | D:1      | 0 ||| qw: Version: 0.2-a-12-gaebbb33
     0 | D:1      | 0 ||| qw: Game counter: 1070
     0 | D:1      | 0 ||| qw: Always use a shield: true
     0 | D:1      | 0 ||| qw: God list: Okawaru
     0 | D:1      | 0 ||| qw: Allow faded altars: false
     0 | D:1      | 0 ||| qw: Do Orc after D:15 true
     0 | D:1      | 0 ||| qw: Do second Lair branch before Depths: true
     0 | D:1      | 0 ||| qw: Lair rune preference: random
     0 | D:1      | 0 ||| qw: Plans: Normal, Zot:1-4, God:TSO, Crypt, Tomb,
                  | Pan, Slime:5, Hells, Abyss, Orb
     0 | D:1      | 0 ||| PLANNING D:1-11
    25 | D:1      | Reached skill level 2 in Axes
   128 | D:1      | Reached XP level 2. HP: 16/19 MP: 2/2
   537 | D:1      | Reached skill level 3 in Axes
   582 | D:1      | Reached XP level 3. HP: 23/23 MP: 3/3
   712 | D:1      | Found a faded altar of an unknown god.
   724 | D:1      | 724 ||| Stepping ~*~*~tactically~*~*~ (water).
   962 | D:1      | 962 ||| DROPPING amulet of faith.
   963 | D:1      | 963 ||| DROPPING ring of magical power.
   964 | D:1      | 964 ||| UPGRADING to ring of protection from cold.
   965 | D:1      | 965 ||| READING 3 scrolls labelled WAUCUMAIJI.
   969 | D:1      | 969 ||| READING scroll labelled TAR AMONGUIRAO.
   970 | D:1      | 970 ||| READING scroll labelled QOUTECH GAIT.
   971 | D:1      | 971 ||| READING scroll labelled MYOBUJAHIGH.
   972 | D:1      | 972 ||| READING scroll labelled FID GAYLUJ.
   972 | D:1      | Identified a scroll of acquirement
   972 | D:1      | 972 ||| ACQUIRING +3 broad axe of freezing
   972 | D:1      | Acquired a +3 broad axe of freezing
   974 | D:1      | 974 ||| SWAPPING to +3 broad axe of freezing.
   975 | D:1      | 975 ||| DROPPING +0 war axe.
   976 | D:1      | 976 ||| DRINKING 2 dark potions.
  1005 | D:2      | 1005 ||| Stepping ~*~*~tactically~*~*~ (stealth).
  1202 | D:2      | 1202 ||| DROPPING +0 club.
  1328 | D:2      | Noticed Natasha
  1329 | D:2      | 1329 ||| Stepping ~*~*~tactically~*~*~ (hiding).
  1330 | D:2      | 1330 ||| Stepping ~*~*~tactically~*~*~ (hiding).
  1331 | D:2      | 1331 ||| Stepping ~*~*~tactically~*~*~ (hiding).
  1336 | D:2      | Killed Natasha
  1337 | D:2      | Reached skill level 4 in Axes
  1337 | D:2      | Reached XP level 4. HP: 26/28 MP: 4/4
  1480 | D:2      | Noticed Natasha
  1481 | D:2      | 1481 ||| Stepping ~*~*~tactically~*~*~ (hiding).
  1487 | D:2      | Killed Natasha
  2002 | D:2      | 2002 ||| READING scroll labelled XIEMEF BASAI.
  2003 | D:2      | 2003 ||| DRINKING 2 fizzy golden potions.
  2003 | D:2      | Gained mutation: Your large and strong wings let you fly.
                  | [potion of mutation]
  2003 | D:2      | Gained mutation: You are partially covered in iridescent
                  | scales. (AC +2) [potion of mutation]
  2003 | D:2      | Gained mutation: You sometimes lose your temper in combat.
                  | [potion of mutation]
  2003 | D:2      | Gained mutation: You have very sharp teeth. [potion of
                  | mutation]
  2004 | D:2      | 2004 ||| DRINKING potion of mutation.
  2004 | D:2      | Lost mutation: Your large and strong wings let you fly.
                  | [potion of mutation]
  2004 | D:2      | Lost mutation: You are partially covered in iridescent
                  | scales. (AC +2) [potion of mutation]
  2004 | D:2      | Lost mutation: You have very sharp teeth. [potion of
                  | mutation]
  2004 | D:2      | Gained mutation: You have a pair of small antennae on your
                  | head. [potion of mutation]
  2004 | D:2      | Gained mutation: You occasionally lose the ability to read
                  | scrolls when taking damage. [potion of mutation]
  2004 | D:2      | Gained mutation: Your mind is acute. (Int +4, Str/Dex -1)
                  | [potion of mutation]
  2004 | D:2      | Gained mutation: You are agile. (Dex +4, Str/Int -1)
                  | [potion of mutation]
  2035 | D:3      | 2035 ||| PLANNING SEWER
  2068 | D:3      | Reached skill level 1 in Dodging
  2068 | D:3      | Reached XP level 5. HP: 29/32 MP: 5/5
  2690 | D:3      | 2690 ||| RIP SEWER
  2691 | D:3      | 2691 ||| PLANNING D:1-11
  3091 | D:3      | 3091 ||| UPGRADING to +0 chain mail.
  3101 | D:3      | 3101 ||| DROPPING +0 scale mail.
  3102 | D:3      | 3102 ||| READING scroll labelled ORUNAAWK BASUI.
  3103 | D:3      | 3103 ||| DRINKING 2 lumpy ruby potions.
  3204 | D:3      | 3204 ||| READING 4 scrolls of identify.
  3204 | D:3      | 3204 ||| IDENTIFYING silvery potion
  3205 | D:3      | 3205 ||| READING 3 scrolls of identify.
  3205 | D:3      | 3205 ||| IDENTIFYING emerald potion
  3206 | D:3      | 3206 ||| READING 2 scrolls of identify.
  3206 | D:3      | 3206 ||| IDENTIFYING viscous blue potion
  3207 | D:3      | 3207 ||| DROPPING potion of brilliance.
  3208 | D:3      | 3208 ||| DROPPING potion of ambrosia.
  3272 | D:4      | 3272 ||| READING 2 scrolls of identify.
  3272 | D:4      | 3272 ||| IDENTIFYING red potion
  3273 | D:4      | 3273 ||| READING 2 scrolls of teleportation.
  3276 | D:4      | 3276 ||| FLEEEEING.
  3413 | D:4      | Noticed a black bear
  3424 | D:4      | Killed a black bear
  3425 | D:4      | Reached skill level 5 in Axes
  3425 | D:4      | Reached XP level 6. HP: 17/37 MP: 6/6
  3462 | D:4      | Noticed a black bear
  3463 | D:4      | 3463 ||| FLEEEEING.
  3493 | D:4      | 3493 ||| FLEEEEING.
  3494 | D:4      | 3494 ||| FLEEEEING.
  3758 | D:4      | 3758 ||| Stepping ~*~*~tactically~*~*~ (hiding).
  3781 | D:4      | 3781 ||| FLEEEEING.
  3789 | D:4      | 3789 ||| FLEEEEING.
  3790 | D:4      | 3790 ||| FLEEEEING.
  3791 | D:4      | 3791 ||| FLEEEEING.
  3795 | D:4      | 3795 ||| FLEEEEING.
  3796 | D:4      | 3796 ||| FLEEEEING.
  3797 | D:4      | 3797 ||| FLEEEEING.
  3798 | D:4      | 3798 ||| FLEEEEING.
  3799 | D:4      | 3799 ||| FLEEEEING.
  3803 | D:4      | 3803 ||| FLEEEEING.
  3804 | D:4      | 3804 ||| FLEEEEING.
  3805 | D:4      | 3805 ||| FLEEEEING.
  3806 | D:4      | 3806 ||| FLEEEEING.
  3807 | D:4      | 3807 ||| FLEEEEING.
  3808 | D:4      | 3808 ||| FLEEEEING.
  3811 | D:4      | 3811 ||| FLEEEEING.
  3812 | D:4      | 3812 ||| FLEEEEING.
  3813 | D:4      | 3813 ||| FLEEEEING.
  3814 | D:4      | 3814 ||| FLEEEEING.
  3815 | D:4      | 3815 ||| FLEEEEING.
  3816 | D:4      | 3816 ||| FLEEEEING.
  3817 | D:4      | 3817 ||| FLEEEEING.
  3818 | D:4      | 3818 ||| FLEEEEING.
  3819 | D:4      | 3819 ||| FLEEEEING.
  3820 | D:4      | 3820 ||| FLEEEEING.
  3821 | D:4      | 3821 ||| FLEEEEING.
  3822 | D:4      | 3822 ||| FLEEEEING.
  3826 | D:4      | 3826 ||| FLEEEEING.
  3880 | D:4      | Noticed a black bear
  3890 | D:4      | Killed a black bear
  3891 | D:4      | Reached skill level 6 in Axes
  3941 | D:4      | Reached XP level 7. HP: 37/43 MP: 7/7
  3943 | D:4      | 3943 ||| FLEEEEING.
  3944 | D:4      | 3944 ||| FLEEEEING.
  3945 | D:4      | 3945 ||| FLEEEEING.
  3946 | D:4      | 3946 ||| FLEEEEING.
  3947 | D:4      | 3947 ||| FLEEEEING.
  3948 | D:4      | 3948 ||| FLEEEEING.
  3949 | D:4      | 3949 ||| FLEEEEING.
  3991 | D:4      | 3991 ||| DROPPING +0 mace.
  3992 | D:4      | 3992 ||| UPGRADING to +0 cloak.
  4027 | D:4      | 4027 ||| Stepping ~*~*~tactically~*~*~ (stealth).
  4028 | D:4      | 4028 ||| Stepping ~*~*~tactically~*~*~ (stealth).
  4095 | D:4      | 4095 ||| Stepping ~*~*~tactically~*~*~ (hiding).
  4246 | D:4      | 4246 ||| Stepping ~*~*~tactically~*~*~ (stealth).
  4283 | D:4      | 4283 ||| READING 2 scrolls of teleportation.
  4344 | D:4      | Found a shadowy altar of Dithmenos.
  4601 | D:4      | 4601 ||| Stepping ~*~*~tactically~*~*~ (stealth).
  4702 | D:5      | Entered Level 5 of the Dungeon
  4707 | D:5      | 4707 ||| STAIRDANCE
  4714 | D:4      | Reached skill level 7 in Axes
  4786 | D:5      | Found Nabbank's Distillery.
  4789 | D:5      | 4789 ||| BUYING potion of attraction (33 gold).
  4789 | D:5      | Bought a potion of attraction for 33 gold pieces
  4789 | D:5      | 4789 ||| BUYING potion of cancellation (88 gold).
  4789 | D:5      | Bought a potion of cancellation for 88 gold pieces
  4789 | D:5      | 4789 ||| SHOPLISTING potion of curing (33 gold, have 9).
  4789 | D:5      | 4789 ||| SHOPLISTING potion of heal wounds (55 gold, have
                  | 9).
  4920 | D:5      | Noticed Pikel
  4921 | D:5      | 4921 ||| Stepping ~*~*~tactically~*~*~ (stealth).
  4922 | D:5      | 4922 ||| Stepping ~*~*~tactically~*~*~ (stealth).
  4936 | D:5      | HP: 8/44 [Pikel/+1 whip of freezing (5)]
  4937 | D:5      | 4937 ||| READING 2 scrolls of teleportation.
  4938 | D:5      | 4938 ||| DRINKING potion of heal wounds.
  5044 | D:5      | 5044 ||| Stepping ~*~*~tactically~*~*~ (stealth).
  5056 | D:5      | Killed Pikel
  5057 | D:5      | Reached XP level 8. HP: 38/53 MP: 8/8
  5160 | D:5      | Noticed Sigmund
  5161 | D:5      | 5161 ||| Stepping ~*~*~tactically~*~*~ (hiding).
  5165 | D:5      | 5165 ||| Stepping ~*~*~tactically~*~*~ (hiding).
  5174 | D:5      | Killed Sigmund
  5311 | D:5      | You fall into a shaft and drop 1 floor!
  5379 | D:6      | Reached skill level 8 in Axes
  5410 | D:6      | 5410 ||| READING 4 scrolls of identify.
  5410 | D:6      | 5410 ||| IDENTIFYING metallic puce potion
  5411 | D:6      | 5411 ||| DROPPING potion of berserk rage.
  5447 | D:5      | Noticed Duvessa
  5448 | D:5      | 5448 ||| Stepping ~*~*~tactically~*~*~ (stealth).
  5455 | D:5      | Killed Duvessa
  5466 | D:5      | Noticed Dowan
  5467 | D:5      | 5467 ||| FLEEEEING.
  5479 | D:5      | Killed Dowan
  5697 | D:5      | Reached XP level 9. HP: 49/57 MP: 9/9
  5944 | D:5      | 5944 ||| DRINKING potion of mutation.
  5944 | D:5      | Lost mutation: You have a pair of small antennae on your
                  | head. [potion of mutation]
  5944 | D:5      | Lost mutation: You are agile. (Dex +4, Str/Int -1) [potion
                  | of mutation]
  5944 | D:5      | Lost mutation: You sometimes lose your temper in combat.
                  | [potion of mutation]
  5944 | D:5      | Gained mutation: You are partially covered in iridescent
                  | scales. (AC +2) [potion of mutation]
  5944 | D:5      | Gained mutation: You are covered in fur. (AC +1) [potion of
                  | mutation]
  5944 | D:5      | Lost mutation: You are partially covered in iridescent
                  | scales. (AC +2) [potion of mutation]
  5944 | D:5      | Gained mutation: You are partially covered in iridescent
                  | scales. (AC +2) [potion of mutation]
  6067 | D:5      | 6067 ||| UPGRADING to ring of protection from fire.
  6068 | D:5      | 6068 ||| READING scroll labelled QISTESA RANE.
  6069 | D:5      | 6069 ||| READING scroll labelled GUAPLIKHLUW.
  6204 | D:6      | Reached skill level 9 in Axes
  6265 | D:6      | Noticed a gargoyle
  6269 | D:6      | Killed a gargoyle
  6344 | D:6      | Noticed a manticore
  6345 | D:6      | 6345 ||| Stepping ~*~*~tactically~*~*~ (hiding).
  6357 | D:6      | Killed a manticore
  6392 | D:6      | Found a large runed translucent door.
  6392 | D:6      | Found a large runed translucent door.
  6542 | D:6      | 6542 ||| Stepping ~*~*~tactically~*~*~ (hiding).
  6543 | D:6      | 6543 ||| Stepping ~*~*~tactically~*~*~ (stealth).
  6555 | D:6      | Reached skill level 10 in Axes
  6563 | D:6      | 6563 ||| Stepping ~*~*~tactically~*~*~ (hiding).
  6565 | D:6      | 6565 ||| Stepping ~*~*~tactically~*~*~ (hiding).
  6572 | D:6      | 6572 ||| FLEEEEING.
  6573 | D:6      | 6573 ||| FLEEEEING.
  6577 | D:6      | 6577 ||| FLEEEEING.
  6578 | D:6      | 6578 ||| FLEEEEING.
  6579 | D:6      | 6579 ||| FLEEEEING.
  6580 | D:6      | 6580 ||| FLEEEEING.
  6585 | D:6      | 6585 ||| FLEEEEING.
  6586 | D:6      | 6586 ||| FLEEEEING.
  6587 | D:6      | 6587 ||| FLEEEEING.
  6588 | D:6      | 6588 ||| FLEEEEING.
  6589 | D:6      | 6589 ||| FLEEEEING.
  6590 | D:6      | 6590 ||| FLEEEEING.
  6591 | D:6      | 6591 ||| FLEEEEING.
  6592 | D:6      | 6592 ||| FLEEEEING.
  6593 | D:6      | 6593 ||| FLEEEEING.
  6594 | D:6      | 6594 ||| FLEEEEING.
  6595 | D:6      | 6595 ||| FLEEEEING.
  6596 | D:6      | 6596 ||| FLEEEEING.
  6597 | D:6      | 6597 ||| FLEEEEING.
  6598 | D:6      | 6598 ||| FLEEEEING.
  6599 | D:6      | 6599 ||| FLEEEEING.
  6600 | D:6      | 6600 ||| FLEEEEING.
  6601 | D:6      | 6601 ||| STAIRDANCE
  6603 | D:6      | 6603 ||| STAIRDANCE
  6605 | D:6      | 6605 ||| STAIRDANCE
  6726 | D:5      | 6726 ||| READING 3 scrolls of identify.
  6726 | D:5      | 6726 ||| IDENTIFYING murky dark potion
  6727 | D:5      | 6727 ||| DROPPING potion of flight.
  6730 | D:6      | 6730 ||| STAIRDANCE
  6732 | D:6      | 6732 ||| STAIRDANCE
  6734 | D:6      | 6734 ||| DRINKING 2 potions of curing.
  6734 | D:6      | 6734 ||| (to cure confusion)
  6787 | D:6      | Found a blossoming altar of Fedhas.
  7009 | D:6      | Noticed qw's ghost (novice GrFi)
  7013 | D:6      | 7013 ||| UPGRADING to +0 plate armour.
  7023 | D:6      | 7023 ||| DROPPING +0 chain mail.
  7052 | D:7      | Found a staircase to the Ecumenical Temple.
  7053 | D:7      | 7053 ||| PLANNING TEMPLE
  7062 | Temple   | Entered the Ecumenical Temple
  7075 | Temple   | 7075 ||| PLANNING OKAWARU WORSHIP
  7172 | Temple   | 7172 ||| READING scroll labelled WUIF HIULA.
  7176 | Temple   | Became a worshipper of Warmaster Okawaru
  7177 | Temple   | 7177 ||| PLANNING D:1-11
  7237 | D:7      | Found an opulent altar of Gozag.
  7250 | D:7      | 7250 ||| Stepping ~*~*~tactically~*~*~ (stealth).
  7252 | D:7      | 7252 ||| Stepping ~*~*~tactically~*~*~ (stealth).
  7255 | D:7      | 7255 ||| FLEEEEING.
  7256 | D:7      | 7256 ||| FLEEEEING.
  7257 | D:7      | 7257 ||| FLEEEEING.
  7258 | D:7      | 7258 ||| FLEEEEING.
  7259 | D:7      | 7259 ||| FLEEEEING.
  7260 | D:7      | 7260 ||| FLEEEEING.
  7261 | D:7      | 7261 ||| FLEEEEING.
  7264 | D:7      | 7264 ||| FLEEEEING.
  7265 | D:7      | 7265 ||| FLEEEEING.
  7266 | D:7      | 7266 ||| FLEEEEING.
  7267 | D:7      | 7267 ||| FLEEEEING.
  7268 | D:7      | 7268 ||| FLEEEEING.
  7269 | D:7      | 7269 ||| FLEEEEING.
  7270 | D:7      | 7270 ||| FLEEEEING.
  7271 | D:7      | 7271 ||| FLEEEEING.
  7272 | D:7      | 7272 ||| FLEEEEING.
  7273 | D:7      | 7273 ||| FLEEEEING.
  7274 | D:7      | 7274 ||| FLEEEEING.
  7276 | D:7      | 7276 ||| FLEEEEING.
  7277 | D:7      | 7277 ||| STAIRDANCE
  7401 | D:7      | 7401 ||| STAIRDANCE
  7427 | D:7      | 7427 ||| STAIRDANCE
  7452 | D:7      | 7452 ||| STAIRDANCE
  7581 | D:7      | 7581 ||| Stepping ~*~*~tactically~*~*~ (hiding).
  7605 | D:7      | Reached skill level 6 in Armour
  7614 | D:7      | Reached XP level 10. HP: 54/63 MP: 10/10
  7626 | D:7      | 7626 ||| FLEEEEING.
  7627 | D:7      | 7627 ||| FLEEEEING.
  7628 | D:7      | 7628 ||| FLEEEEING.
  7629 | D:7      | 7629 ||| FLEEEEING.
  7630 | D:7      | 7630 ||| FLEEEEING.
  7631 | D:7      | 7631 ||| FLEEEEING.
  7635 | D:7      | 7635 ||| FLEEEEING.
  7636 | D:7      | 7636 ||| FLEEEEING.
  7637 | D:7      | 7637 ||| FLEEEEING.
  7638 | D:7      | 7638 ||| FLEEEEING.
  7639 | D:7      | 7639 ||| FLEEEEING.
  7641 | D:7      | 7641 ||| FLEEEEING.
  7758 | D:7      | 7758 ||| Stepping ~*~*~tactically~*~*~ (stealth).
  7759 | D:7      | 7759 ||| Stepping ~*~*~tactically~*~*~ (stealth).
  7761 | D:7      | 7761 ||| Stepping ~*~*~tactically~*~*~ (stealth).
  7762 | D:7      | 7762 ||| Stepping ~*~*~tactically~*~*~ (stealth).
  7768 | D:7      | 7768 ||| Stepping ~*~*~tactically~*~*~ (stealth).
  7772 | D:7      | Reached * piety under Okawaru
  7776 | D:7      | 7776 ||| Stepping ~*~*~tactically~*~*~ (stealth).
  7802 | D:7      | 7802 ||| Stepping ~*~*~tactically~*~*~ (stealth).
  7803 | D:7      | 7803 ||| Stepping ~*~*~tactically~*~*~ (stealth).
  7804 | D:7      | 7804 ||| Stepping ~*~*~tactically~*~*~ (stealth).
  7806 | D:7      | 7806 ||| Stepping ~*~*~tactically~*~*~ (stealth).
  7846 | D:7      | Reached skill level 1 in Throwing
  8035 | D:7      | 8035 ||| Stepping ~*~*~tactically~*~*~ (stealth).
  8036 | D:7      | 8036 ||| Stepping ~*~*~tactically~*~*~ (stealth).
  8103 | D:8      | Reached skill level 1 in Invocations
  8106 | D:8      | 8106 ||| Stepping ~*~*~tactically~*~*~ (stealth).
  8116 | D:8      | 8116 ||| Stepping ~*~*~tactically~*~*~ (stealth).
  8125 | D:8      | 8125 ||| INVOKING Heroism.
  8141 | D:8      | 8141 ||| FLEEEEING.
  8198 | D:8      | 8198 ||| Stepping ~*~*~tactically~*~*~ (hiding).
  8207 | D:8      | 8207 ||| INVOKING Heroism.
  8314 | D:8      | 8314 ||| Stepping ~*~*~tactically~*~*~ (hiding).
  8472 | D:8      | Reached skill level 3 in Invocations
  8593 | D:8      | 8593 ||| Stepping ~*~*~tactically~*~*~ (stealth).
  8616 | D:8      | Reached skill level 3 in Throwing
  8720 | D:8      | 8720 ||| Stepping ~*~*~tactically~*~*~ (stealth).
  8721 | D:8      | 8721 ||| Stepping ~*~*~tactically~*~*~ (stealth).
  8750 | D:8      | 8750 ||| READING scroll of acquirement.
  8750 | D:8      | 8750 ||| ACQUIRING +6 ring of dexterity
  8750 | D:8      | Acquired a +6 ring of dexterity
  8821 | D:8      | Found a hide-covered altar of Uskayaw.
  8918 | D:8      | 8918 ||| Stepping ~*~*~tactically~*~*~ (hiding).
  8923 | D:8      | 8923 ||| INVOKING Heroism.
  8936 | D:8      | Found a radiant altar of Vehumet.
  8948 | D:8      | 8948 ||| INVOKING Heroism.
  9059 | D:8      | 9059 ||| UPGRADING to +0 pair of boots.
  9064 | D:8      | 9064 ||| UPGRADING to +0 pair of gloves.
  9069 | D:8      | 9069 ||| READING scroll labelled FUNA REHAIQE.
  9070 | D:8      | 9070 ||| READING 6 scrolls of identify.
  9070 | D:8      | 9070 ||| IDENTIFYING bubbling grey potion
  9082 | D:9      | Found Waarives's Armour Shop.
  9083 | D:9      | 9083 ||| STAIRDANCE
  9090 | D:9      | 9090 ||| STAIRDANCE
  9092 | D:8      | 9092 ||| INVOKING Heroism.
  9134 | D:8      | 9134 ||| UPGRADING to +0 kite shield.
  9144 | D:8      | 9144 ||| DROPPING +0 buckler.
  9154 | D:9      | 9154 ||| SHOPLISTING +0 plate armour of fire resistance
                  | (330 gold, have 229).
  9160 | D:9      | 9160 ||| INVOKING Heroism.
  9175 | D:9      | 9175 ||| DRINKING potion of curing.
  9175 | D:9      | 9175 ||| (to cure confusion)
  9180 | D:9      | Reached skill level 6 in Shields
  9212 | D:9      | 9212 ||| INVOKING Heroism.
  9224 | D:9      | Reached ** piety under Okawaru
  9237 | D:9      | 9237 ||| INVOKING Heroism.
  9303 | D:9      | 9303 ||| INVOKING Heroism.
  9448 | D:9      | Found a white marble altar of Elyvilon.
  9520 | D:9      | 9520 ||| INVOKING Heroism.
  9563 | D:9      | 9563 ||| INVOKING Heroism.
  9583 | D:9      | 9583 ||| DROPPING +0 flail.
  9684 | D:9      | Noticed a two-headed ogre
  9684 | D:9      | Noticed an orc sorcerer
  9685 | D:9      | 9685 ||| Stepping ~*~*~tactically~*~*~ (stealth).
  9687 | D:9      | 9687 ||| INVOKING Heroism.
  9694 | D:9      | Killed a two-headed ogre
  9695 | D:9      | Reached XP level 11. HP: 45/68 MP: 12/14
  9700 | D:9      | 9700 ||| INVOKING Heroism.
  9704 | D:9      | Killed an orc sorcerer
  9705 | D:9      | Reached skill level 9 in Shields
  9710 | D:9      | Reached *** piety under Okawaru
  9875 | D:9      | Identified the -2 pair of boots "Efaluc" {+Blink Will+}
  9880 | D:9      | 9880 ||| Stepping ~*~*~tactically~*~*~ (stealth).
  9890 | D:9      | 9890 ||| Stepping ~*~*~tactically~*~*~ (hiding).
  9897 | D:9      | 9897 ||| INVOKING Heroism.
 10089 | D:9      | Found a hazy altar of Hepliaklqana.
 10132 | D:9      | 10132 ||| INVOKING Heroism.
 10395 | D:9      | Found a staircase to the Lair.
 10501 | D:9      | Found a basalt altar of Yredelemnul.
 10544 | D:9      | 10544 ||| INVOKING Heroism.
 10641 | D:9      | 10641 ||| PLANNING LAIR
 10641 | D:9      | 10641 ||| DROPPING -2 pair of boots "Efaluc" {+Blink
                  | Will+}.
 10642 | D:9      | 10642 ||| READING 5 scrolls of identify.
 10642 | D:9      | 10642 ||| IDENTIFYING black potion
 10643 | D:9      | 10643 ||| DROPPING potion of degeneration.
 10662 | Lair:1   | Entered Level 1 of the Lair of Beasts
 10746 | Lair:1   | 10746 ||| INVOKING Heroism.
 10750 | Lair:1   | Reached skill level 11 in Axes
 10835 | Lair:1   | 10835 ||| INVOKING Heroism.
 10901 | Lair:1   | 10901 ||| Stepping ~*~*~tactically~*~*~ (stealth).
 10903 | Lair:1   | Reached **** piety under Okawaru
 10923 | Lair:1   | 10923 ||| Stepping ~*~*~tactically~*~*~ (stealth).
 10925 | Lair:1   | 10925 ||| INVOKING Heroism.
 10949 | Lair:1   | 10949 ||| Stepping ~*~*~tactically~*~*~ (hiding).
 11085 | Lair:1   | 11085 ||| Stepping ~*~*~tactically~*~*~ (stealth).
 11087 | Lair:1   | 11087 ||| INVOKING Heroism.
 11183 | Lair:1   | 11183 ||| Stepping ~*~*~tactically~*~*~ (stealth).
 11186 | Lair:1   | 11186 ||| INVOKING Heroism.
 11308 | Lair:1   | 11308 ||| INVOKING Heroism.
 11320 | Lair:1   | Reached skill level 6 in Invocations
 11394 | Lair:1   | 11394 ||| INVOKING Heroism.
 11399 | Lair:1   | Reached ***** piety under Okawaru
 11599 | Lair:1   | 11599 ||| DROPPING ring of positive energy.
 11600 | Lair:1   | 11600 ||| UPGRADING to +4 ring of protection.
 11602 | Lair:1   | 11602 ||| READING scroll labelled CUDIAGU AGIVOR.
 11656 | Lair:2   | 11656 ||| READING scroll of brand weapon.
 11656 | Lair:2   | 11656 ||| BRANDING +3 broad axe of draining.
 11695 | Lair:2   | 11695 ||| INVOKING Heroism.
 11703 | Lair:2   | Reached XP level 12. HP: 75/75 MP: 14/17
 11716 | Lair:2   | 11716 ||| Stepping ~*~*~tactically~*~*~ (stealth).
 11945 | Lair:2   | Found a staircase to the Shoals.
 11947 | Lair:2   | 11947 ||| INVOKING Heroism.
 12036 | Lair:2   | 12036 ||| Stepping ~*~*~tactically~*~*~ (hiding).
 12038 | Lair:2   | 12038 ||| Stepping ~*~*~tactically~*~*~ (hiding).
 12043 | Lair:2   | 12043 ||| INVOKING Heroism.
 12051 | Lair:2   | 12051 ||| Stepping ~*~*~tactically~*~*~ (hiding).
 12059 | Lair:2   | Reached skill level 9 in Fighting
 12295 | Lair:2   | Received a gift from Okawaru
 12312 | Lair:2   | 12312 ||| INVOKING Heroism.
 12326 | Lair:2   | Received a gift from Okawaru
 12693 | Lair:2   | 12693 ||| Stepping ~*~*~tactically~*~*~ (stealth).
 12709 | Lair:2   | 12709 ||| INVOKING Heroism.
 12730 | Lair:2   | Found a transporter.
 12735 | Lair:2   | Found a transporter.
 12736 | Lair:2   | Found a bloodstained altar of Trog.
 12800 | Lair:2   | Found a staircase to the Snake Pit.
 12812 | Lair:2   | Noticed qw's ghost (journeyman GrFi)
 13002 | Lair:2   | Found the +8 whip "Snakebite" {venom, curare, rPois}
 13097 | Lair:2   | 13097 ||| INVOKING Heroism.
 13109 | Lair:2   | Reached skill level 9 in Invocations
 13266 | Lair:3   | Found a frozen archway.
 13284 | Lair:3   | 13284 ||| Stepping ~*~*~tactically~*~*~ (stealth).
 13286 | Lair:3   | 13286 ||| Stepping ~*~*~tactically~*~*~ (stealth).
 13287 | Lair:3   | 13287 ||| Stepping ~*~*~tactically~*~*~ (stealth).
 13288 | Lair:3   | 13288 ||| INVOKING Heroism.
 13302 | Lair:3   | 13302 ||| Stepping ~*~*~tactically~*~*~ (stealth).
 13304 | Lair:3   | 13304 ||| Stepping ~*~*~tactically~*~*~ (stealth).
 13491 | Lair:3   | Noticed Kirke
 13492 | Lair:3   | 13492 ||| Stepping ~*~*~tactically~*~*~ (stealth).
 13494 | Lair:3   | 13494 ||| Stepping ~*~*~tactically~*~*~ (stealth).
 13495 | Lair:3   | 13495 ||| INVOKING Heroism.
 13496 | Lair:3   | 13496 ||| INVOKING Finesse.
 13499 | Lair:3   | 13499 ||| DRINKING potion of cancellation.
 13511 | Lair:3   | Killed Kirke
 13512 | Lair:3   | Reached skill level 12 in Axes
 13531 | Lair:3   | Received a gift from Okawaru
 13634 | Lair:3   | 13634 ||| Stepping ~*~*~tactically~*~*~ (stealth).
 13636 | Lair:3   | 13636 ||| INVOKING Heroism.
 13662 | Lair:3   | Reached skill level 9 in Armour
 13663 | Lair:3   | 13663 ||| Stepping ~*~*~tactically~*~*~ (stealth).
 13679 | Lair:3   | 13679 ||| INVOKING Heroism.
 13695 | Lair:3   | 13695 ||| Stepping ~*~*~tactically~*~*~ (stealth).
 13696 | Lair:3   | 13696 ||| Stepping ~*~*~tactically~*~*~ (stealth).
 13745 | Lair:3   | Reached XP level 13. HP: 58/80 MP: 20/20
 14085 | Lair:3   | 14085 ||| INVOKING Heroism.
 14510 | Lair:3   | 14510 ||| DROPPING scarf of harm.
 14573 | Lair:4   | 14573 ||| INVOKING Heroism.
 14584 | Lair:4   | Received a gift from Okawaru
 14592 | Lair:4   | 14592 ||| Stepping ~*~*~tactically~*~*~ (stealth).
 14712 | Lair:4   | 14712 ||| INVOKING Heroism.
 14789 | Lair:4   | 14789 ||| INVOKING Heroism.
 15109 | Lair:4   | 15109 ||| Stepping ~*~*~tactically~*~*~ (hiding).
 15110 | Lair:4   | 15110 ||| Stepping ~*~*~tactically~*~*~ (hiding).
 15543 | Lair:5   | Entered Level 5 of the Lair of Beasts
 15544 | Lair:5   | 15544 ||| PLANNING GAUNTLET
 15544 | Lair:5   | 15544 ||| STAIRDANCE
 15648 | Lair:5   | 15648 ||| STAIRDANCE
 15658 | Lair:4   | 15658 ||| INVOKING Heroism.
 15783 | Lair:5   | 15783 ||| INVOKING Heroism.
 15784 | Lair:5   | 15784 ||| INVOKING Finesse.
 15792 | Lair:5   | Identified the +0 demon blade of Supply {flame, rElec}
                  | (Okawaru gifted it to you on level 5 of the Lair of Beasts)
 15792 | Lair:5   | Received a gift from Okawaru
 15926 | Lair:5   | Found a gate leading to a gauntlet.
 15936 | Gauntlet | Entered a Gauntlet
 15936 | Gauntlet | Found a transporter.
 15936 | Gauntlet | Found a transporter.
 15936 | Gauntlet | Found a transporter.
 15937 | Gauntlet | Found a transporter.
 15940 | Gauntlet | Found a transporter.
 15940 | Gauntlet | Found a transporter.
 15950 | Gauntlet | Found a transporter.
 15954 | Gauntlet | Found a transporter.
 15963 | Gauntlet | Noticed a quicksilver ooze
 15964 | Gauntlet | Found a transporter.
 15969 | Gauntlet | Found a transporter.
 15989 | Gauntlet | Found a transporter.
 15993 | Gauntlet | Found a transporter.
 16126 | Gauntlet | 16126 ||| INVOKING Heroism.
 16180 | Gauntlet | 16180 ||| DRINKING 2 fuming pink potions.
 16180 | Gauntlet | Reached skill level 14 in Axes
 16180 | Gauntlet | Gained mutation: Your large and strong wings let you fly.
                  | [Gargoyle growth]
 16180 | Gauntlet | Reached XP level 14. HP: 88/88 MP: 21/21
 16181 | Gauntlet | 16181 ||| DRINKING potion of experience.
 16181 | Gauntlet | Reached XP level 15. HP: 92/92 MP: 22/22
 16188 | Gauntlet | 16188 ||| INVOKING Heroism.
 16211 | Gauntlet | HP: 14/92 [death yak simulacrum (37)]
 16212 | Gauntlet | 16212 ||| DRINKING 2 potions of heal wounds.
 16405 | Gauntlet | Identified the +2 pair of boots "Yvigog" {Regen+ Str-2
                  | Stlth+}
 16407 | Gauntlet | 16407 ||| UPGRADING to +2 pair of boots "Yvigog" {Regen+
                  | Str-2 Stlth+}.
 16417 | Gauntlet | 16417 ||| DROPPING +0 pair of boots.
 16436 | Gauntlet | Identified the ring "Eruixzim" {Str+6 Int+4 Dex+2}
 16437 | Gauntlet | 16437 ||| INVOKING Heroism.
 16467 | Gauntlet | 16467 ||| UPGRADING to ring "Eruixzim" {Str+6 Int+4 Dex+2}.
 16469 | Gauntlet | 16469 ||| DROPPING +6 ring of dexterity.
 16470 | Gauntlet | 16470 ||| UPGRADING to +4 ring of protection.
 16472 | Gauntlet | 16472 ||| READING scroll labelled RELIEL IMUNNAAFFED.
 16483 | Lair:5   | 16483 ||| PLANNING LAIR
 16493 | Lair:5   | 16493 ||| Stepping ~*~*~tactically~*~*~ (hiding).
 16505 | Lair:5   | 16505 ||| Stepping ~*~*~tactically~*~*~ (stealth).
 16506 | Lair:5   | 16506 ||| Stepping ~*~*~tactically~*~*~ (stealth).
 16693 | Lair:5   | Found a viscous altar of Jiyva.
 16693 | Lair:5   | Found a staircase to the Slime Pits.
 16759 | Lair:5   | 16759 ||| Stepping ~*~*~tactically~*~*~ (stealth).
 16760 | Lair:5   | 16760 ||| Stepping ~*~*~tactically~*~*~ (stealth).
 16763 | Lair:5   | Noticed Snorg
 16764 | Lair:5   | 16764 ||| INVOKING Finesse.
 16772 | Lair:5   | 16772 ||| INVOKING Heroism.
 16785 | Lair:5   | Killed Snorg
 16829 | Lair:5   | 16829 ||| Stepping ~*~*~tactically~*~*~ (stealth).
 16844 | Lair:5   | 16844 ||| Stepping ~*~*~tactically~*~*~ (stealth).
 16849 | Lair:5   | Received a gift from Okawaru
 16869 | Lair:5   | 16869 ||| Stepping ~*~*~tactically~*~*~ (stealth).
 16884 | Lair:5   | 16884 ||| Stepping ~*~*~tactically~*~*~ (hiding).
 16942 | Lair:5   | 16942 ||| Stepping ~*~*~tactically~*~*~ (cloud).
 16950 | Lair:5   | 16950 ||| Stepping ~*~*~tactically~*~*~ (hiding).
 16951 | Lair:5   | 16951 ||| Stepping ~*~*~tactically~*~*~ (hiding).
 16952 | Lair:5   | 16952 ||| Stepping ~*~*~tactically~*~*~ (hiding).
 16954 | Lair:5   | 16954 ||| INVOKING Heroism.
 16957 | Lair:5   | Reached skill level 3 in Dodging
 16990 | Lair:5   | 16990 ||| Stepping ~*~*~tactically~*~*~ (stealth).
 17026 | Lair:5   | Found a large runed translucent door.
 17027 | Lair:5   | Found a large runed translucent door.
 17036 | Lair:5   | 17036 ||| INVOKING Heroism.
 17037 | Lair:5   | 17037 ||| INVOKING Finesse.
 17041 | Lair:5   | 17041 ||| SWAPPING to +1 broad axe of flaming.
 17047 | Lair:5   | 17047 ||| SWAPPING to +4 broad axe of venom.
 17051 | Lair:5   | Identified the +1 pair of boots "Meaniet" {rCorr Int+5}
                  | (Okawaru gifted it to you on level 5 of the Lair of Beasts)
 17051 | Lair:5   | Received a gift from Okawaru
 17065 | Lair:5   | 17065 ||| Stepping ~*~*~tactically~*~*~ (hiding).
 17625 | Lair:5   | 17625 ||| PLANNING D:1-11
 17625 | Lair:5   | 17625 ||| UPGRADING to +2 hat.
 17780 | D:10     | Entered Level 10 of the Dungeon
 17845 | D:10     | Found a burning altar of Makhleb.
 17904 | D:10     | Noticed Fannar
 17905 | D:10     | 17905 ||| Stepping ~*~*~tactically~*~*~ (hiding).
 17908 | D:10     | 17908 ||| Stepping ~*~*~tactically~*~*~ (hiding).
 17926 | D:10     | 17926 ||| INVOKING Heroism.
 17939 | D:10     | Killed Fannar
 17944 | D:10     | 17944 ||| Stepping ~*~*~tactically~*~*~ (stealth).
 17945 | D:10     | 17945 ||| Stepping ~*~*~tactically~*~*~ (stealth).
 17947 | D:10     | 17947 ||| Stepping ~*~*~tactically~*~*~ (stealth).
 17950 | D:10     | 17950 ||| Stepping ~*~*~tactically~*~*~ (stealth).
 17964 | D:10     | 17964 ||| Stepping ~*~*~tactically~*~*~ (stealth).
 17965 | D:10     | 17965 ||| INVOKING Heroism.
 18014 | D:10     | 18014 ||| Stepping ~*~*~tactically~*~*~ (hiding).
 18024 | D:10     | 18024 ||| Stepping ~*~*~tactically~*~*~ (stealth).
 18036 | D:10     | 18036 ||| Stepping ~*~*~tactically~*~*~ (stealth).
 18039 | D:10     | 18039 ||| Stepping ~*~*~tactically~*~*~ (stealth).
 18041 | D:10     | 18041 ||| Stepping ~*~*~tactically~*~*~ (hiding).
 18090 | D:10     | 18090 ||| Stepping ~*~*~tactically~*~*~ (stealth).
 18097 | D:10     | 18097 ||| Stepping ~*~*~tactically~*~*~ (stealth).
 18144 | D:10     | Reached skill level 15 in Axes
 18166 | D:10     | Noticed Maggie
 18178 | D:10     | Killed Maggie
 18408 | D:10     | 18408 ||| READING scroll labelled CEKOGI PIMUDENT.
 18447 | D:11     | 18447 ||| Stepping ~*~*~tactically~*~*~ (hiding).
 18449 | D:11     | 18449 ||| Stepping ~*~*~tactically~*~*~ (hiding).
 18454 | D:11     | 18454 ||| Stepping ~*~*~tactically~*~*~ (stealth).
 18601 | D:11     | 18601 ||| READING scroll of acquirement.
 18601 | D:11     | 18601 ||| ACQUIRING +0 pair of boots of Araacics {rF- Will+
                  | Str+5 Int+10}
 18601 | D:11     | Acquired the +0 pair of boots of Araacics {rF- Will+ Str+5
                  | Int+10}
 18610 | D:11     | 18610 ||| Stepping ~*~*~tactically~*~*~ (hiding).
 18626 | D:11     | 18626 ||| Stepping ~*~*~tactically~*~*~ (stealth).
 18639 | D:11     | 18639 ||| INVOKING Heroism.
 18927 | D:11     | Reached XP level 16. HP: 97/100 MP: 23/23
 18971 | D:11     | 18971 ||| Stepping ~*~*~tactically~*~*~ (stealth).
 19029 | D:11     | 19029 ||| DRINKING potion of mutation.
 19029 | D:11     | Lost mutation: You are covered in fur. (AC +1) [potion of
                  | mutation]
 19029 | D:11     | Lost mutation: Your mind is acute. (Int +4, Str/Dex -1)
                  | [potion of mutation]
 19029 | D:11     | Gained mutation: Your spells are a little harder to cast,
                  | but a little more powerful. [potion of mutation]
 19326 | D:11     | Noticed Nergalle
 19331 | D:11     | 19331 ||| INVOKING Heroism.
 19337 | D:11     | Killed Nergalle
 19391 | D:11     | 19391 ||| PLANNING D
 19391 | D:11     | 19391 ||| READING scroll labelled GOJISEBOL.
 19550 | D:12     | Found Achesoih's Weapon Shop.
 19550 | D:12     | Found a staircase to the Orcish Mines.
 19550 | D:12     | Found Gumeubrao's Armour Shop.
 19553 | D:12     | 19553 ||| INVOKING Heroism.
 19595 | D:12     | 19595 ||| BUYING +1 cloak (184 gold).
 19595 | D:12     | Bought a +1 cloak for 184 gold pieces
 19813 | D:12     | 19813 ||| READING scroll of enchant armour.
 19813 | D:12     | 19813 ||| ENCHANTING +0 pair of gloves.
 19901 | D:12     | 19901 ||| INVOKING Heroism.
 20174 | D:12     | 20174 ||| Stepping ~*~*~tactically~*~*~ (hiding).
 20299 | D:12     | 20299 ||| UPGRADING to +1 cloak.
 20309 | D:12     | 20309 ||| DROPPING +0 cloak.
 20310 | D:12     | 20310 ||| READING scroll labelled YRREDGH RESIH.
 20311 | D:12     | 20311 ||| READING scroll labelled MAEW AMUOTUORU.
 20353 | D:13     | 20353 ||| INVOKING Heroism.
 20354 | D:13     | 20354 ||| INVOKING Finesse.
 20355 | D:13     | 20355 ||| SWAPPING to +1 broad axe of flaming.
 20357 | D:13     | 20357 ||| Stepping ~*~*~tactically~*~*~ (hiding).
 20363 | D:13     | 20363 ||| SWAPPING to +4 broad axe of venom.
 20783 | D:13     | Found a gate to the Vaults.
 20796 | D:13     | Reached skill level 12 in Fighting
 20821 | D:13     | 20821 ||| INVOKING Heroism.
 20845 | D:13     | Received a gift from Okawaru
 20891 | D:13     | 20891 ||| INVOKING Heroism.
 20987 | D:13     | 20987 ||| INVOKING Heroism.
 21521 | D:13     | 21521 ||| DROPPING +1 cloak.
 21522 | D:13     | 21522 ||| DROPPING +4 ring of evasion.
 21548 | D:14     | 21548 ||| INVOKING Heroism.
 21549 | D:14     | 21549 ||| SWAPPING to +1 broad axe of flaming.
 21551 | D:14     | 21551 ||| STAIRDANCE
 21554 | D:13     | Received a gift from Okawaru
 21555 | D:13     | Reached skill level 6 in Throwing
 21555 | D:13     | 21555 ||| SWAPPING to +4 broad axe of venom.
 21563 | D:14     | 21563 ||| STAIRDANCE
 21602 | D:14     | Noticed Roxanne
 21603 | D:14     | 21603 ||| INVOKING Heroism.
 21604 | D:14     | 21604 ||| INVOKING Finesse.
 21636 | D:14     | Received a gift from Okawaru
 21663 | D:14     | 21663 ||| INVOKING Heroism.
 21683 | D:14     | Killed Roxanne
 21732 | D:14     | 21732 ||| Stepping ~*~*~tactically~*~*~ (stealth).
 21741 | D:14     | Reached skill level 16 in Axes
 21748 | D:14     | Received a gift from Okawaru
 21883 | D:14     | 21883 ||| Stepping ~*~*~tactically~*~*~ (hiding).
 21914 | D:14     | 21914 ||| Stepping ~*~*~tactically~*~*~ (stealth).
 21916 | D:14     | 21916 ||| Stepping ~*~*~tactically~*~*~ (hiding).
 21918 | D:14     | 21918 ||| Stepping ~*~*~tactically~*~*~ (hiding).
 21919 | D:14     | 21919 ||| Stepping ~*~*~tactically~*~*~ (stealth).
 22005 | D:14     | 22005 ||| INVOKING Heroism.
 22066 | D:14     | 22066 ||| Stepping ~*~*~tactically~*~*~ (hiding).
 22199 | D:14     | 22199 ||| Stepping ~*~*~tactically~*~*~ (stealth).
 22205 | D:14     | 22205 ||| INVOKING Heroism.
 22206 | D:14     | Reached ****** piety under Okawaru
 22458 | D:15     | Entered Level 15 of the Dungeon
 22460 | D:15     | Identified the +1 helmet "Etecla Edwa" {rF+ Int-5 Dex+3}
                  | (Okawaru gifted it to you on level 15 of the Dungeon)
 22460 | D:15     | Received a gift from Okawaru
 22465 | D:15     | 22465 ||| STAIRDANCE
 22523 | D:15     | Found a runed translucent gate.
 22523 | D:15     | Found a runed translucent gate.
 22523 | D:15     | Found a runed translucent gate.
 22525 | D:15     | Identified the +3 plate armour "Weeceso" {Harm Regen+}
 22527 | D:15     | Noticed Vochiuc's ghost (adept DEFE)
 22530 | D:15     | Found the ring of the Mage {Wiz Archmagi}
 22583 | D:15     | 22583 ||| INVOKING Heroism.
 22613 | D:15     | 22613 ||| Stepping ~*~*~tactically~*~*~ (stealth).
 22648 | D:15     | 22648 ||| Stepping ~*~*~tactically~*~*~ (hiding).
 22649 | D:15     | 22649 ||| Stepping ~*~*~tactically~*~*~ (hiding).
 22716 | D:15     | 22716 ||| INVOKING Heroism.
 22717 | D:15     | Found Varicyicw's Weapon Shoppe.
 22728 | D:15     | Reached skill level 17 in Axes
 22729 | D:15     | Reached XP level 17. HP: 88/106 MP: 22/24
 22933 | D:15     | 22933 ||| READING scroll of enchant weapon.
 22933 | D:15     | 22933 ||| ENCHANTING +4 broad axe of venom.
 23055 | D:15     | 23055 ||| Stepping ~*~*~tactically~*~*~ (hiding).
 23104 | D:15     | Found a staircase to the Depths.
 23361 | D:15     | 23361 ||| PLANNING ORC
 23361 | D:15     | 23361 ||| UPGRADING to +1 helmet "Etecla Edwa" {rF+ Int-5
                  | Dex+3}.
 23371 | D:15     | 23371 ||| DROPPING +2 hat.
 23440 | Orc:1    | Entered Level 1 of the Orcish Mines
 23441 | Orc:1    | 23441 ||| INVOKING Heroism.
 23446 | Orc:1    | 23446 ||| Stepping ~*~*~tactically~*~*~ (hiding).
 23457 | Orc:1    | 23457 ||| Stepping ~*~*~tactically~*~*~ (hiding).
 23458 | Orc:1    | 23458 ||| Stepping ~*~*~tactically~*~*~ (hiding).
 23467 | Orc:1    | 23467 ||| Stepping ~*~*~tactically~*~*~ (stealth).
 23469 | Orc:1    | 23469 ||| Stepping ~*~*~tactically~*~*~ (hiding).
 23476 | Orc:1    | 23476 ||| INVOKING Heroism.
 23636 | Orc:2    | Entered Level 2 of the Orcish Mines
 23637 | Orc:2    | 23637 ||| INVOKING Heroism.
 23744 | Orc:2    | 23744 ||| INVOKING Heroism.
 23929 | Orc:2    | 23929 ||| Stepping ~*~*~tactically~*~*~ (stealth).
 23931 | Orc:2    | 23931 ||| Stepping ~*~*~tactically~*~*~ (stealth).
 23933 | Orc:2    | 23933 ||| Stepping ~*~*~tactically~*~*~ (stealth).
 23935 | Orc:2    | 23935 ||| Stepping ~*~*~tactically~*~*~ (stealth).
 23937 | Orc:2    | 23937 ||| Stepping ~*~*~tactically~*~*~ (stealth).
 24016 | Orc:2    | Found a staircase to the Elven Halls.
 24025 | Orc:2    | 24025 ||| INVOKING Heroism.
 24076 | Orc:2    | Found Codob's General Store.
 24077 | Orc:2    | 24077 ||| INVOKING Heroism.
 24080 | Orc:2    | Found Iwio's Magic Scroll Shoppe.
 24111 | Orc:2    | 24111 ||| INVOKING Heroism.
 24129 | Orc:2    | 24129 ||| Stepping ~*~*~tactically~*~*~ (hiding).
 24250 | Orc:2    | 24250 ||| BUYING potion of might (56 gold).
 24250 | Orc:2    | Bought a potion of might for 56 gold pieces
 24250 | Orc:2    | 24250 ||| BUYING ring of protection from cold (350 gold).
 24250 | Orc:2    | Bought a ring of protection from cold for 350 gold pieces
 24252 | Orc:2    | 24252 ||| BUYING 2 scrolls of teleportation (66 gold).
 24252 | Orc:2    | Bought 2 scrolls of teleportation for 66 gold pieces
 24252 | Orc:2    | 24252 ||| BUYING scroll of teleportation (33 gold).
 24252 | Orc:2    | Bought a scroll of teleportation for 33 gold pieces
 24252 | Orc:2    | 24252 ||| BUYING scroll of teleportation (33 gold).
 24252 | Orc:2    | Bought a scroll of teleportation for 33 gold pieces
 24286 | Orc:2    | 24286 ||| INVOKING Heroism.
 24330 | Orc:2    | Reached skill level 12 in Armour
 24333 | Orc:2    | Identified the +1 robe of the Tentacled God {rCorr Str-2
                  | Dex+8 Slay-4}
 24480 | Orc:2    | 24480 ||| Stepping ~*~*~tactically~*~*~ (hiding).
 24516 | Orc:2    | 24516 ||| Stepping ~*~*~tactically~*~*~ (stealth).
 24517 | Orc:2    | 24517 ||| Stepping ~*~*~tactically~*~*~ (stealth).
 24518 | Orc:2    | 24518 ||| Stepping ~*~*~tactically~*~*~ (stealth).
 24519 | Orc:2    | 24519 ||| Stepping ~*~*~tactically~*~*~ (stealth).
 24520 | Orc:2    | 24520 ||| Stepping ~*~*~tactically~*~*~ (stealth).
 24521 | Orc:2    | 24521 ||| Stepping ~*~*~tactically~*~*~ (stealth).
 24522 | Orc:2    | 24522 ||| Stepping ~*~*~tactically~*~*~ (stealth).
 24526 | Orc:2    | 24526 ||| Stepping ~*~*~tactically~*~*~ (hiding).
 24554 | Orc:2    | 24554 ||| Stepping ~*~*~tactically~*~*~ (hiding).
 24558 | Orc:2    | 24558 ||| INVOKING Heroism.
 24594 | Orc:2    | 24594 ||| Stepping ~*~*~tactically~*~*~ (stealth).
 24595 | Orc:2    | 24595 ||| SWAPPING to +2 vampiric broad axe.
 24596 | Orc:2    | 24596 ||| DROPPING +5 broad axe of venom.
 24598 | Orc:2    | 24598 ||| Stepping ~*~*~tactically~*~*~ (hiding).
 24604 | Orc:2    | 24604 ||| INVOKING Heroism.
 24606 | Orc:2    | 24606 ||| Stepping ~*~*~tactically~*~*~ (hiding).
 24635 | Orc:2    | 24635 ||| Stepping ~*~*~tactically~*~*~ (hiding).
 24648 | Orc:2    | 24648 ||| INVOKING Heroism.
 24679 | Orc:2    | 24679 ||| Stepping ~*~*~tactically~*~*~ (hiding).
 24692 | Orc:2    | 24692 ||| FLEEEEING.
 24747 | Orc:2    | Found Erol's Antique Armour Boutique.
 24747 | Orc:2    | Found Aptyis's Jewellery Shop.
 24748 | Orc:2    | Found a one-way gate leading to the halls of Pandemonium.
 24749 | Orc:2    | 24749 ||| INVOKING Heroism.
 24756 | Orc:2    | Received a gift from Okawaru
 24763 | Orc:2    | 24763 ||| SHOPLISTING glowing crystal plate armour (2490
                  | gold, have 1257).
 24763 | Orc:2    | 24763 ||| BUYING glowing scarf (240 gold).
 24763 | Orc:2    | Bought a glowing scarf for 240 gold pieces
 24763 | Orc:2    | 24763 ||| BUYING runed chain mail (225 gold).
 24763 | Orc:2    | Bought a runed chain mail for 225 gold pieces
 24765 | Orc:2    | 24765 ||| SHOPLISTING brooch of Shielding {Spirit SH+8}
                  | (910 gold, have 792).
 24947 | Orc:2    | 24947 ||| DROPPING +1 chain mail of cold resistance.
 24948 | Orc:2    | 24948 ||| DROPPING +1 hat.
 24949 | Orc:2    | 24949 ||| DROPPING +2 hat.
 24950 | Orc:2    | 24950 ||| UPGRADING to scarf of repulsion.
 24960 | Orc:2    | 24960 ||| UPGRADING to +3 chain mail of cold resistance.
 24970 | Orc:2    | 24970 ||| DROPPING ring of ice.
 25159 | Orc:1    | 25159 ||| Stepping ~*~*~tactically~*~*~ (stealth).
 25219 | Orc:1    | 25219 ||| Stepping ~*~*~tactically~*~*~ (hiding).
 25343 | Orc:1    | 25343 ||| Stepping ~*~*~tactically~*~*~ (stealth).
 25344 | Orc:1    | 25344 ||| Stepping ~*~*~tactically~*~*~ (stealth).
 25351 | Orc:1    | 25351 ||| Stepping ~*~*~tactically~*~*~ (stealth).
 25358 | Orc:1    | Found a bloodstained altar of Trog.
 25364 | Orc:1    | 25364 ||| Stepping ~*~*~tactically~*~*~ (stealth).
 25372 | Orc:1    | 25372 ||| Stepping ~*~*~tactically~*~*~ (stealth).
 25374 | Orc:1    | 25374 ||| Stepping ~*~*~tactically~*~*~ (stealth).
 25378 | Orc:1    | 25378 ||| Stepping ~*~*~tactically~*~*~ (stealth).
 25380 | Orc:1    | 25380 ||| Stepping ~*~*~tactically~*~*~ (stealth).
 25382 | Orc:1    | 25382 ||| Stepping ~*~*~tactically~*~*~ (stealth).
 25384 | Orc:1    | 25384 ||| Stepping ~*~*~tactically~*~*~ (stealth).
 25386 | Orc:1    | 25386 ||| Stepping ~*~*~tactically~*~*~ (stealth).
 25388 | Orc:1    | 25388 ||| Stepping ~*~*~tactically~*~*~ (stealth).
 25390 | Orc:1    | 25390 ||| Stepping ~*~*~tactically~*~*~ (stealth).
 25392 | Orc:1    | 25392 ||| Stepping ~*~*~tactically~*~*~ (stealth).
 25394 | Orc:1    | 25394 ||| Stepping ~*~*~tactically~*~*~ (stealth).
 25396 | Orc:1    | 25396 ||| Stepping ~*~*~tactically~*~*~ (stealth).
 25398 | Orc:1    | 25398 ||| Stepping ~*~*~tactically~*~*~ (stealth).
 25400 | Orc:1    | 25400 ||| Stepping ~*~*~tactically~*~*~ (stealth).
 25402 | Orc:1    | 25402 ||| Stepping ~*~*~tactically~*~*~ (stealth).
 25404 | Orc:1    | 25404 ||| Stepping ~*~*~tactically~*~*~ (stealth).
 25406 | Orc:1    | 25406 ||| Stepping ~*~*~tactically~*~*~ (stealth).
 25408 | Orc:1    | 25408 ||| Stepping ~*~*~tactically~*~*~ (stealth).
 25410 | Orc:1    | 25410 ||| Stepping ~*~*~tactically~*~*~ (stealth).
 25412 | Orc:1    | 25412 ||| Stepping ~*~*~tactically~*~*~ (stealth).
 25414 | Orc:1    | 25414 ||| Stepping ~*~*~tactically~*~*~ (stealth).
 25416 | Orc:1    | 25416 ||| Stepping ~*~*~tactically~*~*~ (stealth).
 25418 | Orc:1    | 25418 ||| Stepping ~*~*~tactically~*~*~ (stealth).
 25420 | Orc:1    | 25420 ||| Stepping ~*~*~tactically~*~*~ (stealth).
 25422 | Orc:1    | 25422 ||| Stepping ~*~*~tactically~*~*~ (stealth).
 25424 | Orc:1    | 25424 ||| Stepping ~*~*~tactically~*~*~ (stealth).
 25426 | Orc:1    | 25426 ||| Stepping ~*~*~tactically~*~*~ (stealth).
 25428 | Orc:1    | 25428 ||| Stepping ~*~*~tactically~*~*~ (stealth).
 25430 | Orc:1    | 25430 ||| Stepping ~*~*~tactically~*~*~ (stealth).
 25432 | Orc:1    | 25432 ||| Stepping ~*~*~tactically~*~*~ (stealth).
 25549 | Orc:1    | 25549 ||| PLANNING SNAKE:1-3
 25766 | Snake:1  | Entered Level 1 of the Snake Pit
 25768 | Snake:1  | 25768 ||| Stepping ~*~*~tactically~*~*~ (hiding).
 25937 | Snake:1  | Found Kypnull's Distillery.
 25961 | Snake:1  | 25961 ||| BUYING potion of curing (45 gold).
 25961 | Snake:1  | Bought a potion of curing for 45 gold pieces
 25961 | Snake:1  | 25961 ||| BUYING potion of curing (45 gold).
 25961 | Snake:1  | Bought a potion of curing for 45 gold pieces
 25961 | Snake:1  | 25961 ||| BUYING potion of lignification (45 gold).
 25961 | Snake:1  | Bought a potion of lignification for 45 gold pieces
 25961 | Snake:1  | 25961 ||| BUYING potion of mutation (120 gold).
 25961 | Snake:1  | Bought a potion of mutation for 120 gold pieces
 25961 | Snake:1  | 25961 ||| BUYING potion of mutation (120 gold).
 25961 | Snake:1  | Bought a potion of mutation for 120 gold pieces
 25961 | Snake:1  | 25961 ||| BUYING potion of mutation (120 gold).
 25961 | Snake:1  | Bought a potion of mutation for 120 gold pieces
 25961 | Snake:1  | 25961 ||| DRINKING 3 potions of mutation.
 25961 | Snake:1  | Lost mutation: You occasionally lose the ability to read
                  | scrolls when taking damage. [potion of mutation]
 25961 | Snake:1  | Lost mutation: You are partially covered in iridescent
                  | scales. (AC +2) [potion of mutation]
 25961 | Snake:1  | Lost mutation: Your spells are a little harder to cast, but
                  | a little more powerful. [potion of mutation]
 25961 | Snake:1  | Gained mutation: You are somewhat resistant to further
                  | mutation. [potion of mutation]
 26091 | Snake:1  | Received a gift from Okawaru
 26106 | Snake:1  | 26106 ||| Stepping ~*~*~tactically~*~*~ (stealth).
 26159 | Snake:1  | 26159 ||| Stepping ~*~*~tactically~*~*~ (hiding).
 26189 | Snake:1  | Noticed Donald
 26190 | Snake:1  | 26190 ||| INVOKING Heroism.
 26191 | Snake:1  | 26191 ||| INVOKING Finesse.
 26200 | Snake:1  | Killed Donald
 26511 | Snake:1  | 26511 ||| READING scroll of enchant armour.
 26511 | Snake:1  | 26511 ||| ENCHANTING +1 pair of gloves.
 26914 | Snake:2  | 26914 ||| INVOKING Heroism.
 27008 | Snake:2  | 27008 ||| Stepping ~*~*~tactically~*~*~ (hiding).
 27027 | Snake:2  | Noticed Vashnia
 27027 | Snake:2  | 27027 ||| Stepping ~*~*~tactically~*~*~ (stealth).
 27029 | Snake:2  | 27029 ||| Stepping ~*~*~tactically~*~*~ (hiding).
 27034 | Snake:2  | 27034 ||| INVOKING Heroism.
 27061 | Snake:2  | HP: 27/108 [naga sharpshooter/bolt[Vashnia] (4)]
 27062 | Snake:2  | 27062 ||| READING 11 scrolls of teleportation.
 27063 | Snake:2  | 27063 ||| DRINKING 2 potions of heal wounds.
 27194 | Snake:2  | 27194 ||| Stepping ~*~*~tactically~*~*~ (hiding).
 27196 | Snake:2  | 27196 ||| Stepping ~*~*~tactically~*~*~ (hiding).
 27324 | Snake:2  | 27324 ||| INVOKING Heroism.
 27370 | Snake:2  | 27370 ||| Stepping ~*~*~tactically~*~*~ (hiding).
 27405 | Snake:2  | 27405 ||| INVOKING Heroism.
 27660 | Snake:2  | 27660 ||| INVOKING Heroism.
 27682 | Snake:2  | HP: 18/108 [naga sharpshooter/bolt[Vashnia] (19)]
 27682 | Snake:2  | HP: 7/108 [Vashnia/arrow (11)]
 27683 | Snake:2  | 27683 ||| READING 10 scrolls of teleportation.
 27684 | Snake:2  | 27684 ||| DRINKING potion of heal wounds.
 27809 | Snake:2  | 27809 ||| Stepping ~*~*~tactically~*~*~ (hiding).
 27811 | Snake:2  | 27811 ||| Stepping ~*~*~tactically~*~*~ (hiding).
 27963 | Snake:2  | 27963 ||| Stepping ~*~*~tactically~*~*~ (stealth).
 27965 | Snake:2  | 27965 ||| Stepping ~*~*~tactically~*~*~ (hiding).
 27969 | Snake:2  | 27969 ||| INVOKING Heroism.
 27980 | Snake:2  | 27980 ||| Stepping ~*~*~tactically~*~*~ (hiding).
 27995 | Snake:2  | 27995 ||| Stepping ~*~*~tactically~*~*~ (hiding).
 27996 | Snake:2  | 27996 ||| Stepping ~*~*~tactically~*~*~ (hiding).
 27997 | Snake:2  | 27997 ||| Stepping ~*~*~tactically~*~*~ (hiding).
 27998 | Snake:2  | 27998 ||| Stepping ~*~*~tactically~*~*~ (hiding).
 28002 | Snake:2  | 28002 ||| INVOKING Heroism.
 28021 | Snake:2  | 28021 ||| Stepping ~*~*~tactically~*~*~ (hiding).
 28040 | Snake:2  | 28040 ||| Stepping ~*~*~tactically~*~*~ (hiding).
 28048 | Snake:2  | Killed Vashnia
 28048 | Snake:2  | Received a gift from Okawaru
 28105 | Snake:3  | 28105 ||| INVOKING Heroism.
 28115 | Snake:3  | Reached skill level 18 in Axes
 28166 | Snake:3  | 28166 ||| INVOKING Heroism.
 28172 | Snake:3  | Received a gift from Okawaru
 28307 | Snake:3  | 28307 ||| Stepping ~*~*~tactically~*~*~ (hiding).
 28308 | Snake:3  | 28308 ||| Stepping ~*~*~tactically~*~*~ (hiding).
 28310 | Snake:3  | 28310 ||| INVOKING Heroism.
 28507 | Snake:3  | 28507 ||| Stepping ~*~*~tactically~*~*~ (stealth).
 28509 | Snake:3  | 28509 ||| INVOKING Heroism.
 28522 | Snake:3  | Received a gift from Okawaru
 28562 | Snake:3  | 28562 ||| Stepping ~*~*~tactically~*~*~ (hiding).
 28569 | Snake:3  | 28569 ||| INVOKING Heroism.
 28580 | Snake:3  | Reached XP level 18. HP: 116/116 MP: 23/25
 28580 | Snake:3  | 28580 ||| DROPPING +1 broad axe of flaming.
 28592 | Snake:3  | Found Gisten's General Store.
 28600 | Snake:3  | 28600 ||| BUYING potion of attraction (36 gold).
 28600 | Snake:3  | Bought a potion of attraction for 36 gold pieces
 28600 | Snake:3  | 28600 ||| BUYING scroll of teleportation (36 gold).
 28600 | Snake:3  | Bought a scroll of teleportation for 36 gold pieces
 28602 | Snake:3  | 28602 ||| Stepping ~*~*~tactically~*~*~ (hiding).
 28603 | Snake:3  | 28603 ||| Stepping ~*~*~tactically~*~*~ (hiding).
 28606 | Snake:3  | 28606 ||| Stepping ~*~*~tactically~*~*~ (hiding).
 28610 | Snake:3  | 28610 ||| Stepping ~*~*~tactically~*~*~ (hiding).
 28742 | Snake:3  | 28742 ||| INVOKING Heroism.
 28782 | Snake:3  | 28782 ||| INVOKING Heroism.
 28804 | Snake:3  | Found a runed translucent gate.
 28804 | Snake:3  | Found a runed translucent gate.
 28804 | Snake:3  | Found a runed translucent gate.
 28805 | Snake:3  | Noticed qw's ghost (adept GrFi)
 28835 | Snake:3  | 28835 ||| INVOKING Heroism.
 28913 | Snake:3  | 28913 ||| INVOKING Heroism.
 29259 | Snake:3  | 29259 ||| PLANNING SHOALS:1-3
 29351 | Shoals:1 | Entered Level 1 of the Shoals
 29352 | Shoals:1 | 29352 ||| INVOKING Heroism.
 29366 | Shoals:1 | Received a gift from Okawaru
 29402 | Shoals:1 | Noticed Josephine
 29404 | Shoals:1 | 29404 ||| INVOKING Heroism.
 29428 | Shoals:1 | Killed Josephine
 29446 | Shoals:1 | Found Umumil's Book Boutique.
 29492 | Shoals:1 | 29492 ||| INVOKING Heroism.
 29493 | Shoals:1 | 29493 ||| INVOKING Finesse.
 29563 | Shoals:1 | Noticed Aizul
 29565 | Shoals:1 | 29565 ||| INVOKING Heroism.
 29566 | Shoals:1 | 29566 ||| INVOKING Finesse.
 29588 | Shoals:1 | Killed Aizul
 29729 | Shoals:1 | 29729 ||| INVOKING Heroism.
 29768 | Shoals:1 | Received a gift from Okawaru
 30229 | Shoals:1 | 30229 ||| DROPPING +1 pair of gloves of hurling.
 30261 | Shoals:2 | 30261 ||| STAIRDANCE
 30270 | Shoals:2 | 30270 ||| STAIRDANCE
 30277 | Shoals:2 | 30277 ||| INVOKING Heroism.
 30298 | Shoals:2 | 30298 ||| READING scroll of enchant weapon.
 30298 | Shoals:2 | 30298 ||| ENCHANTING +2 vampiric broad axe.
 30345 | Shoals:2 | Reached skill level 15 in Fighting
 30397 | Shoals:2 | 30397 ||| INVOKING Heroism.
 30499 | Shoals:2 | 30499 ||| INVOKING Heroism.
 30548 | Shoals:2 | 30548 ||| Stepping ~*~*~tactically~*~*~ (stealth).
 30631 | Shoals:2 | 30631 ||| INVOKING Heroism.
 30641 | Shoals:2 | Reached skill level 6 in Dodging
 31081 | Shoals:2 | 31081 ||| DROPPING scarf of invisibility.
 31129 | Shoals:3 | 31129 ||| INVOKING Heroism.
 31134 | Shoals:3 | 31134 ||| INVOKING Finesse.
 31191 | Shoals:3 | 31191 ||| INVOKING Heroism.
 31325 | Shoals:3 | 31325 ||| INVOKING Heroism.
 31477 | Shoals:3 | 31477 ||| DROPPING +4 war axe.
 31537 | Shoals:3 | Reached skill level 15 in Shields
 31563 | Shoals:3 | 31563 ||| INVOKING Heroism.
 31564 | Shoals:3 | 31564 ||| INVOKING Finesse.
 31634 | Shoals:3 | 31634 ||| INVOKING Heroism.
 31740 | Shoals:3 | 31740 ||| Stepping ~*~*~tactically~*~*~ (stealth).
 31741 | Shoals:3 | 31741 ||| Stepping ~*~*~tactically~*~*~ (stealth).
 31742 | Shoals:3 | 31742 ||| Stepping ~*~*~tactically~*~*~ (stealth).
 31750 | Shoals:3 | 31750 ||| Stepping ~*~*~tactically~*~*~ (hiding).
 31753 | Shoals:3 | 31753 ||| INVOKING Heroism.
 31754 | Shoals:3 | 31754 ||| INVOKING Finesse.
 31991 | Shoals:3 | 31991 ||| INVOKING Heroism.
 32263 | Shoals:3 | 32263 ||| PLANNING SNAKE:4
 32263 | Shoals:3 | 32263 ||| DROPPING +1 hat.
 32415 | Snake:4  | Entered Level 4 of the Snake Pit
 32415 | Snake:4  | Found Lusalon's Antique Armour Boutique.
 32417 | Snake:4  | 32417 ||| BUYING runed chain mail (225 gold).
 32417 | Snake:4  | Bought a runed chain mail for 225 gold pieces
 32417 | Snake:4  | 32417 ||| BUYING runed helmet (225 gold).
 32417 | Snake:4  | Bought a runed helmet for 225 gold pieces
 32440 | Snake:4  | Found Itas Lykka's Distillery.
 32448 | Snake:4  | 32448 ||| BUYING potion of heal wounds (85 gold).
 32448 | Snake:4  | Bought a potion of heal wounds for 85 gold pieces
 32448 | Snake:4  | 32448 ||| BUYING potion of lignification (51 gold).
 32448 | Snake:4  | Bought a potion of lignification for 51 gold pieces
 32484 | Snake:4  | 32484 ||| INVOKING Heroism.
 32523 | Snake:4  | 32523 ||| INVOKING Heroism.
 32540 | Snake:4  | HP: 27/120 [salamander/+0 trident (5)]
 32541 | Snake:4  | 32541 ||| DRINKING potion of heal wounds.
 32541 | Snake:4  | HP: 11/120 [salamander/+0 trident (7)]
 32541 | Snake:4  | HP: 5/120 [naga/+2 scimitar of protection (6)]
 32541 | Snake:4  | Demolished by a naga warrior

Levels and vault maps discovered:
D:1:      heliophobic_arrival_ceremonial_halls, layout_loops_ring,
          shapermc_ecumenical_altar_notcrosses
D:2:      layout_basic, uniq_natasha
D:3:      layout_basic, gup_sewer_entry_bubbles
D:4:      layout_loops_ring, nicolae_dithmenos_the_darkroom,
          chequers_serial_rivers_micro_e, reono_crystal_passage,
          kennysheep_minor_cross, hangedman_feature_mirror
D:5:      layout_cave_pools, serial_shops, kennysheep_mini,
          nicolae_underground_beach, uniq_pikel, uniq_duvessa, uniq_sigmund
D:6:      layout_basic, lemuel_doored_altar, ebering_ghost_disaster_area
D:7:      layout_rooms, mainiacjoe_overflow_boulevard,
          minmay_temple_entry_poolview
D:8:      layout_basic, vehumet_crystals, nicolae_uskayaw_dance_studio,
          minmay_mini_ossuary
D:9:      cheibrodos_wizards_tower, layout_irregular_city, kennysheep_ying_yang,
          nzn_hepliaklqana_mist_gate, due_lair_maze_entry_diamond, serial_shops,
          shop, nicolae_looking_at_the_future
D:10:     layout_basic, amcnicky_altar_gilded, uniq_fannar, uniq_maggie
D:11:     layout_basic, uniq_nergalle
D:12:     layout_roguey, orc_david_3
D:13:     layout_stronghold, skrybe_vaults_entry_preservation
D:14:     layout_loops_cross, hangedman_abyss_or_decor_passed, uniq_roxanne
D:15:     grunt_enter_depths_hoard, layout_cave_pods, serial_shops,
          nicolae_shop_hallway_plus, serial_bayou_ford_a,
          biasface_ghost_orc_armoury
Temple:   dshaligram_water_room_temple
Lair:1:   layout_chaotic_city
Lair:2:   minmay_guarded_unrand_snakebite, layout_layer_cave,
          minmay_shoals_entry_beasts, minmay_snake_entry_guardpost_medium,
          gammafunk_ghost_wrathful_warriors, nicolae_lair_lil_pond
Lair:3:   layout_gridlike, portal_ice_cave_entry_pillars_1, uniq_kirke
Lair:4:   layout_regular_city, dreamdust_mushroom_princess
Lair:5:   cheibrodos_lair_end_hotspot, layout_regular_city, slime_entry_1,
          gauntlet_entry_generic, uniq_snorg
Shoals:1: layout_shoals, serial_shops, shop, uniq_aizul, uniq_josephine
Shoals:2: layout_shoals, nicolae_shoals_cliffside_cave
Shoals:3: layout_shoals, nicolae_shoals_water_elemental_grotto
Snake:1:  layout_layer_cave, serial_shops, shop, uniq_donald
Snake:2:  layout_rooms, uniq_vashnia
Snake:3:  nicolae_sea_snake_s, layout_chambers, ebering_ghost_rock_garden,
          serial_shops, nicolae_square_shop, serial_bayou_shore_b
Snake:4:  snake_pit, layout_cave_town, serial_shops, shop, shop_statue, shop
Orc:1:    layout_diamond_mine, serial_shops, trog_butcher_becter
Orc:2:    pf_orc_diabolical, layout_diamond_mine, hangedman_minor_magic

Skill      XL: |  1  2  3  4  5  6  7  8  9 10 11 12 13 14 15 16 17 18 |
---------------+-------------------------------------------------------+-----
Axes           | 2 3 4 5 6 7 8 10 11 12 14 15 17 18 | 18.0
Dodging        | 1 3 5 6 |  6.6
Fighting       | 4 7 8 9 10 11 12 13 16 | 16.0
Armour         | 4 6 8 9 10 11 12 13 | 13.0
Shields        | 4 8 10 13 15 | 15.0
Throwing       | 3 4 7 8 |  8.0
Invocations    | 4 6 10 | 10.0

Action                   |  1- 3 |  4- 6 |  7- 9 | 10-12 | 13-15 | 16-18 || total
-------------------------+-------+-------+-------+-------+-------+-------++-------
Melee: War axe           |    50 |       |       |       |       |       ||    50
       Broad axe         |    24 |   104 |   186 |   555 |   436 |  1829 ||  3134
Throw: Javelin           |       |       |       |    50 |    25 |   110 ||   185
       Boomerang         |       |       |       |    15 |    47 |    24 ||    86
Invok: Heroism           |       |       |       |    33 |    15 |    61 ||   109
       Finesse           |       |       |       |     1 |     3 |     8 ||    12
  Use: Scroll            |     5 |     7 |     7 |     6 |     3 |     9 ||    37
       Potion            |     1 |     3 |     3 |     2 |     3 |     5 ||    17
 Stab: Distracted        |       |       |       |       |       |     1 ||     1
Armor: Scale mail        |    43 |    22 |       |       |       |       ||    65
       Chain mail        |       |    31 |   105 |       |       |   453 ||   589
       Plate armour      |       |       |    20 |   335 |   205 |   420 ||   980
Dodge: Dodged            |    27 |    29 |    75 |   129 |    66 |   556 ||   882
       Repelled          |       |       |       |       |       |    42 ||    42
Block: Buckler           |     5 |    13 |    49 |    38 |       |       ||   105
       Kite shield       |       |       |       |   207 |   201 |  1066 ||  1474

Table legend:
 A = Non-vault XP
 B = Vault XP
 C = Vault XP percentage of total XP
 D = Non-vault monster count
 E = Vault monster count
 F = Vault count percentage of total count
                 A         B        C        D         E       F
            +---------+---------+-------+---------+---------+-------
      Total |  173936 |   79108 |  31.3 |     684 |     244 |  26.3
            +---------+---------+-------+---------+---------+-------
        D:1 |      49 |       0 |   0.0 |      20 |       0 |   0.0
        D:2 |      64 |      35 |  35.4 |      16 |       1 |   5.9
        D:3 |      81 |      22 |  21.4 |      14 |       7 |  33.3
        D:4 |     681 |       5 |   0.7 |      31 |       2 |   6.1
        D:5 |     477 |    1011 |  67.9 |       9 |       4 |  30.8
        D:6 |    1801 |       0 |   0.0 |      31 |       0 |   0.0
        D:7 |     809 |       0 |   0.0 |      32 |       0 |   0.0
        D:8 |    2180 |     126 |   5.5 |      42 |       8 |  16.0
        D:9 |    1912 |    2772 |  59.2 |      29 |      20 |  40.8
       D:10 |    2678 |    1285 |  32.4 |      24 |       2 |   7.7
       D:11 |    3243 |     771 |  19.2 |      22 |       1 |   4.3
       D:12 |    3662 |     272 |   6.9 |      12 |       4 |  25.0
       D:13 |   11882 |    3198 |  21.2 |      21 |       7 |  25.0
       D:14 |   22218 |    1342 |   5.7 |      38 |       1 |   2.6
       D:15 |    9929 |    1815 |  15.5 |      19 |       2 |   9.5
     Lair:1 |    5792 |       0 |   0.0 |      25 |       0 |   0.0
     Lair:2 |    5011 |    2729 |  35.3 |      13 |      15 |  53.6
     Lair:3 |    6658 |    1861 |  21.8 |      30 |       3 |   9.1
     Lair:4 |    4567 |       0 |   0.0 |      16 |       0 |   0.0
     Lair:5 |    6551 |    8962 |  57.8 |      17 |      30 |  63.8
   Shoals:1 |   13568 |    3009 |  18.2 |      28 |       6 |  17.6
   Shoals:2 |   10686 |       0 |   0.0 |      29 |       0 |   0.0
   Shoals:3 |   21267 |    1463 |   6.4 |      43 |       7 |  14.0
    Snake:1 |    2142 |    1356 |  38.8 |       7 |       1 |  12.5
    Snake:2 |   11215 |    6225 |  35.7 |      20 |       5 |  20.0
    Snake:3 |   18122 |    4597 |  20.2 |      34 |       9 |  20.9
    Snake:4 |    1433 |   12236 |  89.5 |       4 |      19 |  82.6
      Orc:1 |    2748 |     243 |   8.1 |      29 |       4 |  12.1
      Orc:2 |    1986 |   18009 |  90.1 |      27 |      74 |  73.3
   Gauntlet |     524 |    5764 |  91.7 |       2 |      12 |  85.7
            +---------+---------+-------+---------+---------+-------
